 Dungeon Crawl Stone Soup version 0.30.1-11-g7821555f0a (webtiles) character file.

Game seed: 18298125230241364402

39 RancidPinata the Cudgeller (level 3, -3/22 HPs)
             Began as a Gargoyle Gladiator on Nov 16, 2023.
             Slain by Edmund
             ... wielding a +0 flail of protection
              (9 damage)
             ... on level 6 of the Dungeon.
             The game lasted 00:07:01 (915 turns).

RancidPinata the Cudgeller (Gargoyle Gladiator)      Turns: 915, Time: 00:07:01

Health: -3/22      AC:  7    Str: 17    XL:     3   Next: 47%
Magic:  3/3        EV: 12    Int: 10    God:
Gold:   56         SH:  0    Dex: 11    Spells: 2/2 levels left

rFire   . . .        n - +0 morningstar
rCold   . . .        (no shield)
rNeg    + . .        b - +0 leather armour
rPois   ∞            c - +0 helmet
rElec   +            (no cloak)
rCorr   .            (no gloves)
SInv    .            (no boots)
Will    .....        (no amulet)
Stlth   +            (no ring)
HPRegen 0.23/turn    (no ring)
MPRegen 0.08/turn

%: no passive effects
@: no status effects
A: sickness immunity, AC +3, negative energy resistance 1, electricity
resistance, torment resistance 1, petrification resistance
a: no special abilities


You were on level 6 of the Dungeon.
You visited 1 branch of the dungeon, and saw 7 of its levels.

You collected 56 gold pieces.

Inventory:

Hand Weapons
 a - a +0 flail
 n - a +0 morningstar (weapon)
Missiles
 e - a javelin (quivered)
 k - 8 stones
Armour
 b - a +0 leather armour (worn)
 c - a +0 helmet (worn)
Wands
 o - a wand of charming (8)
Scrolls
 f - a scroll of blinking {unknown}
 i - 3 scrolls of identify {unknown}
 j - a scroll of teleportation {unknown}
Potions
 g - a potion of haste {unknown}
 h - a potion of heal wounds {unknown}
 l - a potion of brilliance {unknown}
 m - a potion of berserk rage {unknown}


   Skills:
 * Level 2.8 Fighting
 * Level 3.3 Maces & Flails
 + Level 2.3 Throwing
 + Level 0.0 Armour
 - Level 2.7 Dodging


You had 2 spell levels left.
You didn't know any spells.
Your spell library was empty.

Dungeon Overview and Level Annotations

Branches:
Dungeon (7/15)             Temple (0/1) D:7

Altars:

Shops:
D:5 ?

Annotations:
D:5 3 runed translucent doors
D:6 Edmund


Innate Abilities, Weirdness & Mutations

You are immune to sickness and miasma.
Your stone body is resilient. (AC +3)
You are immune to poison.
You resist negative energy. (rN+)
You are resistant to electric shocks. (rElec)
You are resistant to unholy torment.
You are immune to petrification.


Message History

Throw: throwing net
Press: ? - help, Q - select action, (/) - cycle Shift-Dir - straight line, f/p - Edmund
Aim: Edmund, wielding a +0 flail of protection, wearing a +0 scale mail and carrying a wand of flame (14) (moderately wounded, 61% to hit)
You throw a throwing net. The throwing net hits Edmund.
Edmund is caught in the net!
Edmund is moderately wounded.
You hit Edmund but do no damage.
Edmund is moderately wounded.
Edmund struggles against the net.
You sock Edmund!
Edmund is heavily wounded.
Edmund struggles against the net. x2
You hit Edmund.
Edmund is heavily wounded.
Edmund struggles against the net.
You hit Edmund but do no damage.
Edmund is heavily wounded.
Edmund struggles against the net.
You hit Edmund.
Edmund is heavily wounded.
Edmund zaps a wand.
The puff of flame hits you but does no damage.
Edmund struggles against the net.
You completely miss Edmund.
Edmund is heavily wounded.
Edmund struggles against the net.
The net rips apart, and Edmund comes free!
You puncture Edmund!
Edmund is almost dead.
Edmund misses you.
You hit Edmund but do no damage.
Edmund is almost dead.
Edmund zaps a wand.
The puff of flame hits you.
Edmund zaps a wand.
The puff of flame hits you.
* * * LOW HITPOINT WARNING * * *
Unknown command.
You closely miss Edmund.
Edmund is almost dead.
Edmund hits you with a +0 flail of protection!
You die...

.... .....###.........
....####..............
.#....................
........^...##...@..#.
#...........###>..$..
#..[.....#(..........
#........#......####
######........@########.
###........@........
###..........#..>.....
#.............#........
..###+####..............
#...............
##.#.....<......
#.)#...#........
#.>#...#........
#..#...#


You could see Edmund.

Vanquished Creatures
  An adder (D:2)
  A dart slug (D:5)
  An orc (D:3)
  A ball python (D:1)
  2 endoplasms
  2 giant cockroaches
  A goblin (D:2)
  2 hobgoblins
  4 jackals (D:1)
  4 kobolds
  A quokka (D:3)
  A frilled lizard (D:3)
  2 rats
23 creatures vanquished.

Notes
Turn   | Place    | Note
-------+----------+-------------------------------------------
     0 | D:1      | RancidPinata the Gargoyle Gladiator began the quest for the
                  | Orb.
     0 | D:1      | Reached XP level 1. HP: 12/12 MP: 1/1
   168 | D:1      | Reached XP level 2. HP: 16/18 MP: 2/2
   284 | D:2      | Reached XP level 3. HP: 22/22 MP: 3/3
   648 | D:5      | Entered Level 5 of the Dungeon
   648 | D:5      | Found Reenk's Magic Scroll Emporium.
   687 | D:5      | Found a runed translucent gate.
   687 | D:5      | Found a runed translucent gate.
   687 | D:5      | Found a runed translucent gate.
   689 | D:5      | You fall into a shaft and drop 1 floor!
   719 | D:7      | Found a staircase to the Ecumenical Temple.
   719 | D:7      | Noticed a kobold brigand
   893 | D:6      | Noticed Edmund
   915 | D:6      | Slain by Edmund

Illustrated notes

Levels and vault maps discovered:
D:1:      dpeg_arrival_concentric_ovals, layout_loops_ring
D:2:      layout_loops_ring, serial_rivers, chequers_serial_rivers_room_a,
          chequers_serial_rivers_room_b, chequers_serial_rivers_small_a,
          chequers_serial_rivers_small_3, grunt_decor_resistance
D:3:      layout_basic, nicolae_elyvilon_temple_path
D:4:      layout_cave_pools, mainiacjoe_overflow_24_doors
D:5:      layout_loops_ring, biasface_ghost_orc_armoury, serial_shops,
          nicolae_shop_hallway_stairs, shop, shop, shop,
          guppyfry_early_lair_pool
D:6:      layout_rooms, jmf_multi_god_temple, kennysheep_little_box,
          minivault_14, uniq_edmund
D:7:      layout_loops_corners, lemuel_crystal_altar, temple_green

Skill      XL: |  1  2 |
---------------+-------+-----
Throwing       | 2 |  2.3
Fighting       | |  2.8
Maces & Flails | |  3.3
Dodging        | |  2.7

Action                     || total
---------------------------++-------
  Melee: Flail             ||    62
         Morningstar       ||    12
  Throw: Throwing net      ||     3
   Stab: Held in net/web   ||     1
 Armour: Leather armour    ||    36
  Dodge: Dodged            ||    68
